 Seeded DCSS version 0.29-a0-643-ga013cefcf8 (webtiles) character file.

Game seed: 10802498693541890562 (custom seed)

545 wilfster70 the Cleaver (level 7, -3/62 HPs)
             Began as a Hill Orc Monk on June 19, 2022.
             Slain by Duvessa
             ... wielding a +0 short sword of electrocution
              (18 damage)
             ... on level 4 of the Dungeon.
             The game lasted 00:07:51 (4329 turns).

wilfster70 the Cleaver (Hill Orc Monk)              Turns: 4329, Time: 00:07:51

Health: -3/62      AC: 10    Str: 20    XL:     7   Next: 27%
Magic:  7/7        EV:  8    Int: 10    God:
Gold:   216        SH:  0    Dex: 13    Spells: 6/6 levels left

rFire   + . .      SeeInvis .   a - +4 war axe of Domination {vorpal, *Corrode rPois rF+ Str+4}
rCold   . . .      Faith    .   (no shield)
rNeg    . . .      Spirit   .   d - +0 chain mail
rPois   +          Reflect  .   p - +0 helmet
rElec   .          Harm     .   (no cloak)
rCorr   .          Rampage  .   (no gloves)
Will    .....                   (no boots)
Stlth   ..........              (no amulet)
HPRegen 0.20/turn               (no ring)
MPRegen 0.10/turn               (no ring)

@: brilliant
A: no striking features
a: no special abilities


You were on level 4 of the Dungeon.
You visited 1 branch of the dungeon, and saw 4 of its levels.
You also visited: Sewer.

You collected 216 gold pieces.

Inventory:

Hand Weapons
 a - the +4 war axe of Domination (weapon) {vorpal, *Corrode rPois rF+ Str+4}
   (You acquired it on level 1 of the Dungeon)

   It inflicts extra damage upon your enemies.
   Str:       It affects your strength (+4).
   rF:        It protects you from fire.
   rPois:     It protects you from poison.
   *Corrode:  It may corrode you when you take damage.
Missiles
 k - 5 curare-tipped darts (quivered)
Armour
 d - a +0 chain mail (worn)
 p - a +0 helmet (worn)
Scrolls
 b - a scroll of enchant weapon {unknown}
 e - a scroll of fog {unknown}
 f - 5 scrolls of identify {unknown}
 h - 3 scrolls of teleportation {unknown}
 j - a scroll of brand weapon {unknown}
 l - 2 scrolls of enchant armour {unknown}
 m - 6 scrolls of fear {unknown}
 n - a scroll of poison {unknown}
 t - a scroll of magic mapping {unknown}
Potions
 c - a potion of ambrosia
 g - a potion of berserk rage {unknown}
 i - a potion of haste {unknown}
 o - a potion of brilliance
 q - 6 potions of flight
 r - a potion of magic {unknown}


   Skills:
 + Level 5.7 Fighting
 * Level 8.1 Axes
 + Level 3.7 Armour
 - Level 2.4 Dodging
 - Level 1.5 Stealth


You had 6 spell levels left.
You didn't know any spells.
Your spell library contained the following spells:

 Spells                   Type           Power      Damage    Failure   Level
 Static Discharge         Conj/Air       0%         N/A       99%         2
 Dispel Undead            Necr           0%         3d6       100%        4
 Sticky Flame             Conj/Fire      0%         2d3       100%        4
 Freezing Cloud           Conj/Ice/Air   0%         6-21      100%        5
 Simulacrum               Ice/Necr       0%         N/A       100%        6
 Polar Vortex             Ice            0%         N/A       100%        9


Dungeon Overview and Level Annotations

Branches:
Dungeon (4/15)              Sewer (visited)
 Temple: D:4-7

Altars:

Annotations:
D:4 2 runed translucent doors, Dowan; Duvessa; wilfster70's ghost, novice GnIE


Message History

Duvessa shouts!
You hear a shout!
The kobold hits you with a +0 whip.
You slash the kobold!
You kill the kobold!
Things that are here:
a +0 whip; 2 stones; a kobold corpse You slash the kobold!
You kill the kobold!
You barely miss Duvessa.
Duvessa hits you with a +0 short sword of electrocution.
You are electrocuted!!
You slash Duvessa!
Duvessa is moderately wounded.
Dowan, Brother of Duvessa comes into view.
He is wielding a +0 dagger.
Duvessa hits you with a +0 short sword of electrocution.
Okay, then.
You barely miss Duvessa.
Duvessa is moderately wounded.
Duvessa hits you but does no damage.
You slash Duvessa!
Duvessa is heavily wounded.
Duvessa hits you with a +0 short sword of electrocution!
You closely miss Duvessa.
Duvessa is heavily wounded.
Duvessa barely misses you.
You hit Duvessa.
Duvessa is severely wounded.
Duvessa hits you with a +0 short sword of electrocution.
You are electrocuted!
* * * LOW HITPOINT WARNING * * *
Duvessa says, "My weaknesses are his strengths!"
Duvessa barely misses you.
It was a potion of brilliance.
You feel clever all of a sudden.
Dowan casts a spell.
Dowan blinks!
Duvessa hits you with a +0 short sword of electrocution.
* * * LOW HITPOINT WARNING * * *
You are electrocuted!!
You die...

.. #.### .# #.... [# ### .#
#.. .# #.# ########.# #.#
#........# #.# .##.#####@#
#.# ........#e######. #<#
..e...))ยง.e............#..
....?..(.....###.......###
.#..##.##<##.# #.......##.
..........##.# #.......##.
. .###.##!##.###.......##.
#. #.##...........##)
#.##.##.###.......##.


You could see Duvessa and Dowan.

Vanquished Creatures
  Edmund (D:4)
  Pargi (D:3)
  Terence (D:3)
  3 orc wizards (D:3)
  Robin (D:2)
  8 adders
  4 river rats (Sewer)
  3 worms (D:2)
  2 orcs (D:3)
  9 bats
  10 endoplasms
  6 giant cockroaches
  13 goblins
  5 hobgoblins
  6 jackals
  7 quokkas
  13 ball pythons
  16 frilled lizards
  8 kobolds
  7 rats
124 creatures vanquished.

Vanquished Creatures (others)
  8 plants (D:3)
8 creatures vanquished.

Grand Total: 132 creatures vanquished

Notes
Turn   | Place    | Note
-------+----------+-------------------------------------------
     0 | D:1      | wilfster70 the Hill Orc Monk began the quest for the Orb.
     0 | D:1      | Reached XP level 1. HP: 19/19 MP: 1/1
     7 | D:1      | Identified a scroll of acquirement
     7 | D:1      | Acquired the +4 war axe of Domination {vorpal, *Corrode
                  | rPois rF+ Str+4}
   131 | D:1      | Reached XP level 2. HP: 27/27 MP: 2/2
   268 | D:1      | Reached skill level 1 in Armour
   496 | D:1      | Found Resops's Armour Shop.
   663 | D:1      | Reached XP level 3. HP: 30/33 MP: 3/3
   787 | D:1      | Reached skill level 5 in Axes
  1251 | D:2      | Reached XP level 4. HP: 30/40 MP: 4/4
  1761 | D:2      | Noticed Robin
  1823 | D:2      | Killed Robin
  2491 | D:3      | Found a glowing drain.
  2495 | Sewer    | Entered a sewer
  2504 | Sewer    | Reached skill level 6 in Axes
  2504 | Sewer    | Reached XP level 5. HP: 41/47 MP: 5/5
  3163 | D:3      | Noticed Terence
  3168 | D:3      | Killed Terence
  3169 | D:3      | Reached skill level 5 in Fighting
  3169 | D:3      | Reached XP level 6. HP: 55/56 MP: 6/6
  3431 | D:3      | Reached skill level 7 in Axes
  3634 | D:3      | Found a faded altar of an unknown god.
  3659 | D:3      | Noticed Pargi
  3671 | D:3      | Killed Pargi
  3916 | D:3      | Reached XP level 7. HP: 61/61 MP: 7/7
  4075 | D:4      | Noticed Edmund
  4102 | D:4      | Killed Edmund
  4103 | D:4      | Reached skill level 8 in Axes
  4291 | D:4      | Found a large runed translucent door.
  4291 | D:4      | Found a large runed translucent door.
  4293 | D:4      | Noticed wilfster70's ghost (novice GnIE)
  4315 | D:4      | Noticed Duvessa
  4321 | D:4      | Noticed Dowan
  4329 | D:4      | Slain by Duvessa

Illustrated notes

Levels and vault maps discovered:
D:1:      kilobyte_arrival_exit_the_forest, layout_loops_ring, serial_shops,
          shop
D:2:      layout_basic, uniq_robin
D:3:      layout_loops_corners, hellmonk_ecumenical_altar_pennies_from_heaven,
          gup_sewer_entry_bowl, chequers_serial_rivers_micro_d,
          minmay_lizard_king, uniq_pargi, uniq_terence
D:4:      layout_loops_cross, ebering_ghost_disaster_area, abandoned_shop,
          chequers_serial_rivers_room_b, minmay_misc_feat_doors,
          hangedman_decor_slide_cut, uniq_edmund, uniq_duvessa, uniq_menkaure

Skill      XL: |  1  2  3  4  5  6  7 |
---------------+----------------------+-----
Armour         | 1 2 3 |  3.7
Fighting       | 4 5 |  5.7
Axes           | 5 6 7 8 |  8.1
Dodging        | |  2.4
Stealth        | |  1.5

Action                   |  1- 3 |  4- 6 |  7- 9 || total
-------------------------+-------+-------+-------++-------
Melee: War axe           |    72 |   154 |    26 ||   252
       Punch             |     2 |       |       ||     2
  Use: Scroll            |     1 |       |       ||     1
       Potion            |       |       |     1 ||     1
Armor: Robe              |    12 |     3 |       ||    15
       Ring mail         |       |    46 |       ||    46
       Chain mail        |       |    50 |     5 ||    55
Dodge: Dodged            |    43 |   116 |    14 ||   173

Table legend: (Time is in decaauts)
 A = Elapsed time spent in this place.
 B = Non-inter-level travel time spent in this place.
 C = Inter-level travel time spent in this place.
 D = Time resting spent in this place.
 E = Time spent auto-exploring this place.
 F = Levels seen in this place.
 G = Mean time per level.
                   A        B        C        D        E       F      G
               +--------+--------+--------+--------+--------+-----+--------+
         Total |   4552 |   4410 |    142 |    623 |   2362 |   5 |  910.4 |
       Dungeon |   3728 |   3586 |    142 |    527 |   1965 |   4 |  932.0 |
         Sewer |    823 |    823 |      0 |     96 |    397 |   1 |  823.0 |
               +--------+--------+--------+--------+--------+-----+--------+

Top non-repeatable levels by time:
     D:2: 1198 daAuts
     D:1: 1195 daAuts
     D:3: 1038 daAuts
   Sewer: 823 daAuts
     D:4: 296 daAuts
